 Dungeon Crawl Stone Soup version 0.27-a0-887-gcab673c142 (webtiles) character file.

Game seed: 17513667425851889670

135 jestyr24 the Grave Robber (level 5, -2/41 HPs)
             Began as a Ghoul Necromancer on Apr 3, 2021.
             Was a Plaything of Xom.
             Slain by an ufetubus (4 damage)
             ... summoned by Xom
             ... on level 3 of the Dungeon.
             The game lasted 00:17:45 (2975 turns).

jestyr24 the Grave Robber (Ghoul Necromancer)       Turns: 2975, Time: 00:17:46

Health: -2/41      AC:  2    Str: 12    XL:     5   Next: 18%
Magic:  7/7        EV: 12    Int: 11    God:    Xom [....*.]
Gold:   110        SH:  0    Dex:  9    Spells: 4/8 levels left

rFire    . . .     SeeInvis .   b - +1 war axe (venom)
rCold    + . .     Faith    .   (no shield)
rNeg     + + +     Spirit   .   a - +0 robe
rPois    ∞         Reflect  .   (no helmet)
rElec    .         Harm     .   (no cloak)
rCorr    .         Rampage  .   (no gloves)
Will     .....                  (no boots)
Stlth    ++........             (no amulet)
HPRegen  0.00/turn              (no ring)
MPRegen  0.10/turn              (no ring)

@: no status effects
A: claws 1, cold resistance 1, negative energy resistance 3, inhibited
regeneration, torment resistance 2, unbreathing 1
a: Renounce Religion


You were on level 3 of the Dungeon.
You worshipped Xom.
You were a beloved toy of Xom.
You visited 1 branch of the dungeon, and saw 3 of its levels.

You collected 110 gold pieces.

Inventory:

Hand Weapons
 b - a +1 war axe of venom (weapon)
 j - a +1 whip of draining
Missiles
 c - 41 stones
Armour
 a - a +0 robe (worn)
Wands
 i - a wand of iceblast (8)
Scrolls
 d - a scroll of acquirement {unknown}
 f - 2 scrolls of noise {unknown}
 g - 2 scrolls of identify {unknown}
 h - a scroll of enchant armour {unknown}
 l - a scroll of magic mapping {unknown}
Potions
 e - 3 potions of might {unknown}
 k - a potion of curing {unknown}


   Skills:
 * Level 2.2 Fighting
 + Level 2.6 Dodging
 + Level 2.9 Stealth
 - Level 0.2 Unarmed Combat
 + Level 2.4 Spellcasting
 + Level 4.6 Necromancy


You had 4 spell levels left.
You knew the following spells:

 Your Spells              Type           Power      Damage    Failure   Level
a - Pain                  Necr           44%        1d6       4%          1
b - Vampiric Draining     Necr           5%         2d6       13%         3

Your spell library contained the following spells:

 Spells                   Type           Power      Damage    Failure   Level
 Animate Skeleton         Necr           22%        N/A       4%          1
 Apportation              Tloc           2%         N/A       28%         1
 Corona                   Hex            1%         N/A       28%         1
 Summon Small Mammal      Summ           4%         N/A       28%         1
 Animate Dead             Necr           5%         N/A       38%         4
 Confusing Touch          Hex            1%         N/A       63%         3
 Gell's Gravitas          Tloc           0%         N/A       63%         3
 Petrify                  Tmut/Erth      1%         N/A       95%         4
 Agony                    Necr           11%        N/A       75%         5
 Metabolic Englaciation   Hex/Ice        0%         N/A       100%        5
 Yara's Violent Unravell  Hex/Tmut       0%         3d3       100%        5


Dungeon Overview and Level Annotations

Branches:
Dungeon (3/15)

Altars:
Xom


Innate Abilities, Weirdness & Mutations

You thrive by killing the living.
You are immune to poison.
You have sharp fingernails.
Your flesh is cold resistant. (rC+)
You are immune to negative energy. (rN+++)
You do not regenerate when monsters are visible.
You are immune to unholy pain and torment.
You can survive without breathing.


Message History

You hear Xom's maniacal laughter.
You are now a beloved toy of Xom.
The ufetubus barely misses you. The ufetubus closely misses you.
The white imp hits you. The white imp freezes you. You resist.
The ufetubus barely misses you. x3; The ufetubus hits you.
The ufetubus barely misses you. The ufetubus hits you.
The ufetubus barely misses you. The ufetubus hits you.
The ufetubus closely misses you. The ufetubus hits you.
The ufetubus closely misses you. The ufetubus misses you.
The ufetubus completely misses you. The ufetubus closely misses you.
You closely miss the ufetubus. The ufetubus hits you. x2
You completely miss the white imp.
The white imp shouts, "Give up, thou droning fob-snatching flesh wound!"
The white imp gestures at you. The puff of frost misses you.
You closely miss the white imp. The white imp hits you.
The white imp freezes you. You resist.
You barely miss the white imp. The white imp gestures at you.
The puff of frost misses you. The white imp hits you.
The white imp freezes you. You resist.
You slash the white imp!
You kill the white imp!
The ufetubus barely misses you.
The ufetubus hits you but does no damage.
The ufetubus closely misses you.
The ufetubus hits you but does no damage.
You closely miss the ufetubus. The ufetubus hits you.
The ufetubus closely misses you. The ufetubus misses you.
The ufetubus closely misses you.
You miss the ufetubus. The ufetubus barely misses you.
The ufetubus hits you but does no damage.
The ufetubus hits you.
* * * LOW HITPOINT WARNING * * *
The ufetubus hits you.
* * * LOW HITPOINT WARNING * * *
You barely miss the ufetubus. The ufetubus hits you.
* * * LOW HITPOINT WARNING * * *
The ufetubus barely misses you. The ufetubus hits you.
You die...
Xom yawns loudly!

#..# #.....# #.#######
#..####.....# #.......#
#.....#.....# #.......#
#+###.#...).# #.......#
##### .. #.#.....#
#.......# ....#
....##.#.....###.......#
....#
.......5................
....#
######5#############.##
....# #@# #.#. ##### #.#
#.#. #.# #)#. . #.#
#.####.## .. ...
#........ w.. ###
######### o... ... .o...
##. ..... #.


You could see 2 ufetubi.

Vanquished Creatures
  A hound (D:2)
  3 adders
  A worm (D:2)
  5 dart slugs
  3 orcs (D:3)
  5 ball pythons
  4 endoplasms
  3 giant cockroaches
  9 hobgoblins
  A quokka (D:2)
  10 bats
  3 frilled lizards
  4 goblins
  5 kobolds
  4 rats
61 creatures vanquished.

Notes
Turn   | Place    | Note
-------+----------+-------------------------------------------
     0 | D:1      | jestyr24 the Ghoul Necromancer began the quest for the Orb.
     0 | D:1      | Reached XP level 1. HP: 14/14 MP: 2/2
   176 | D:1      | Found a faded altar of an unknown god.
   187 | D:1      | Became a worshipper of Xom of Chaos
   350 | D:1      | XOM: divination: detect creatures
   354 | D:1      | Reached XP level 2. HP: 20/20 MP: 0/3
   688 | D:1      | Reached XP level 3. HP: 25/27 MP: 5/5
   949 | D:1      | XOM: cloud trail
  1308 | D:2      | XOM: 2-stop teleportation journey
  1361 | D:2      | Reached skill level 1 in Fighting
  1582 | D:2      | XOM: cloud trail
  1639 | D:2      | Reached XP level 4. HP: 23/35 MP: 6/6
  2071 | D:2      | XOM: cloud trail
  2347 | D:3      | Learned a level 3 spell: Vampiric Draining
  2404 | D:3      | XOM: 2-stop teleportation journey
  2535 | D:3      | Reached XP level 5. HP: 25/41 MP: 7/7
  2589 | D:3      | XOM: cloud trail
  2820 | D:3      | XOM: summons 1 hostile shadow creature
  2961 | D:3      | XOM is BORED!
  2961 | D:3      | XOM: summons 3 hostile demons
  2975 | D:3      | HP: 2/41 [ufetubus[Xom] (5)]
  2975 | D:3      | Slain by an ufetubus

Illustrated notes

Levels and vault maps discovered:
D:1:      tarquinn_simple_flora_water_d, layout_loops_ring,
          ebering_ecumenical_altar_webs, item_on_display_a
D:2:      layout_loops_ring, minmay_pentomino_p4
D:3:      layout_basic, nicolae_overflow_hidden_temple, roderic_lattice_a

Skill      XL: |  1  2  3  4 |
---------------+-------------+-----
Spellcasting   | 2 |  2.4
Dodging        | 2 |  2.6
Fighting       | 1 2 |  2.2
Stealth        | |  2.9
Unarmed Combat | |  0.2
Necromancy     | |  4.6

Action                   |  1- 3 |  4- 6 || total
-------------------------+-------+-------++-------
Melee: Unarmed           |    37 |       ||    37
       War axe           |    63 |    60 ||   123
 Cast: Pain              |     9 |     4 ||    13
 Stab: Sleeping          |     2 |     3 ||     5
Armor: Robe              |    26 |    15 ||    41
Dodge: Dodged            |    99 |    67 ||   166

Table legend: (Time is in decaauts)
 A = Elapsed time spent in this place.
 B = Non-inter-level travel time spent in this place.
 C = Inter-level travel time spent in this place.
 D = Time resting spent in this place.
 E = Time spent auto-exploring this place.
 F = Levels seen in this place.
 G = Mean time per level.
                   A        B        C        D        E       F      G
               +--------+--------+--------+--------+--------+-----+--------+
         Total |   3034 |   2969 |     65 |    533 |   1660 |   3 | 1011.3 |
       Dungeon |   3034 |   2969 |     65 |    533 |   1660 |   3 | 1011.3 |
               +--------+--------+--------+--------+--------+-----+--------+

Top non-repeatable levels by time:
     D:2: 1162 daAuts
     D:1: 1044 daAuts
     D:3: 828 daAuts
